Map: Année zéro EC

Players

Sorandom - Winner!

  • Race: Zerg Zerg
  • League: Diamond
  • Spawn Location: 1:00

TossTerr

  • Race: Protoss Protoss
  • League: Diamond
  • Spawn Location: 11:00

VOD

Have the link to the VOD?

Description

Time

  • Played on: April 12, 2019, 11:14 p.m.
  • Length: 5:59
Show
View Real Time Build Order
Export as new Build Order

Sorandom Zerg - Winner!

Build Orders: Pool First 

Get SALT Encoding   

  12  0:03  Drone  
  13  0:13  Overlord  
  13  0:22  Drone  
  14  0:31  Drone  
  14  0:32  Drone  
  16  0:38  Drone  
  16  0:41  Extractor  
  16  0:46  Drone  
  17  0:58  Spawning Pool  
  17  0:59  Drone  
  17  1:10  Drone  
  18  1:36  Hatchery  
  17  1:44  Drone  
  17  1:45  Zergling x4  
  20  1:48  Queen  
  22  1:56  Overlord  
  22  2:10  Metabolic Boost  
  22  2:21  Roach Warren  
  21  2:24  Overlord  
  21  3:01  Roach  
  21  3:02  Roach x5  
  33  3:07  Roach  
  33  3:08  Roach  
  37  3:14  Roach  
  38  3:24  Roach  
  39  3:31  Roach x2  
  41  3:41  Overlord  
  41  3:50  Roach  
  43  3:57  Overlord  
  43  4:03  Roach  
  43  4:04  Roach  
  47  4:22  Roach x2  
  47  4:31  Roach  
  47  4:38  Roach  
  49  4:42  Zergling x4  
  49  4:54  Zergling x2  
  50  5:10  Zergling x2  
  50  5:13  Zergling x2  
  50  5:14  Zergling x4  
  54  5:30  Spore Crawler  
  54  5:32  Zergling x2  
  54  5:33  Spine Crawler, Zergling x2  
Show
View Real Time Build Order
Export as new Build Order

TossTerr Protoss 

Build Orders:  

Get SALT Encoding   

  12  0:01  Probe  
  13  0:13  Probe  
  14  0:20  Pylon  
  14  0:26  Probe  
  15  0:41  Forge  
  15  0:48  Probe  
  16  0:59  Gateway  
  16  1:08  Assimilator  
  16  1:19  Pylon  
  16  1:36  Probe  
  17  1:45  Pylon  
  17  1:58  Nexus  
  17  2:03  Photon Cannon  
  16  2:18  Cybernetics Core  
  16  2:25  Photon Cannon  
  16  2:38  Pylon  
  16  2:51  Photon Cannon  
  16  2:58  Photon Cannon  
  16  3:05  Gateway  
  16  3:06  Probe  
  16  3:11  Probe  
  17  3:19  Probe x2  
  20  3:32  Shield Battery  
  20  3:46  Photon Cannon  
  20  3:47  Photon Cannon  
  20  3:57  Robotics Facility  
  20  4:16  Pylon  
  20  4:34  Zealot  
  20  4:37  Pylon  
  24  4:48  Robotics Facility  
  24  4:50  Pylon  
  22  5:09  Gateway  
Tags
 
Matchup
PvZ
Opening
Pool First
Replay Pack
Pack
Spawn Locations
Close Positions
Add a new tag
Caveats
  • Supply blocks, unpowered buildings, or Contaminate may cause inaccurate times.
  • Supply counts are checked every 10 seconds.